 Dungeon Crawl Stone Soup version 0.23.2 (webtiles) character file.

Game seed: 1505622419253735627

2022 Peloso the Carver (level 9, -9/78 HPs)
             Began as a Minotaur Fighter on Apr 4, 2019.
             Was a Follower of Okawaru.
             Mangled by an orc warrior
             ... wielding a +0 battleaxe
              (21 damage)
             ... on level 6 of the Dungeon.
             The game lasted 00:12:01 (5101 turns).

Peloso the Carver (Minotaur Fighter)                Turns: 5101, Time: 00:12:01

Health: -9/78      AC: 16    Str: 26    XL:     9   Next: 3%
Magic:  8/8        EV:  6    Int:  5    God:    Okawaru [*.....]
Gold:   202        SH: 11    Dex: 11    Spells: 8/8 levels left

rFire    . . .     SeeInvis .   a - +2 falchion (flame)
rCold    . . .     Gourm    .   c - +0 shield
rNeg     . . .     Faith    .   m - +0 plate armour
rPois    .         Spirit   .   (helmet restricted)
rElec    .         Reflect  .   u - +1 cloak
rCorr    .         Harm     .   (no gloves)
MR       .....                  g - +0 pair of boots
Stlth    ..........             (no amulet)
HPRegen  0.23/turn              v - -2 ring of strength (curse)
MPRegen  0.11/turn              (no ring)

@: mighty, slowed, very slow
A: retaliatory headbutt, horns 2
a: Heroism, Renounce Religion


You were on level 6 of the Dungeon.
You worshipped Okawaru.
Okawaru was aware of your devotion.
You were not hungry.

You visited 2 branches of the dungeon, and saw 7 of its levels.
You also visited: Ossuary.

You collected 202 gold pieces.

Inventory:

Hand Weapons
 a - a +2 falchion of flaming (weapon)
 b - a +2 falchion of holy wrath
Armour
 c - a +0 shield (worn)
 g - a +0 pair of boots (worn)
 m - a +0 plate armour (worn)
 q - a +0 cloak
 u - a +1 cloak (worn)
Jewellery
 v - a cursed -2 ring of strength (left hand)
Wands
 x - a wand of random effects (21)
Scrolls
 e - 6 scrolls of teleportation
 o - a scroll of identify
 p - 5 scrolls of remove curse
 r - 2 scrolls of enchant weapon
 w - a scroll of amnesia
 y - a scroll of fog {unknown}
Potions
 h - 6 potions of curing
 i - a potion of agility
 j - 2 potions of invisibility
 k - 10 potions of flight
 l - 3 potions of brilliance
 n - 4 potions of heal wounds {unknown}
 s - a potion of berserk rage {unknown}
 t - a potion of mutation {unknown}
Comestibles
 f - 10 rations


   Skills:
 + Level 6.7 Fighting
 + Level 9.4 Long Blades
 + Level 6.7 Armour
 + Level 1.8 Dodging
 + Level 0.4 Stealth
 + Level 7.7 Shields


You had 8 spell levels left.
You didn't know any spells.
Your spell library was empty.

Dungeon Overview and Level Annotations

Branches:
Dungeon (6/15)             Temple (1/1) D:4

Altars:
Cheibriados
Dithmenos
Fedhas
Hepliaklqana
Makhleb
Nemelex Xobeh
Okawaru
Ru
Sif Muna
Trog
Uskayaw
Wu Jian
Xom
Yredelemnul


Innate Abilities, Weirdness & Mutations

You reflexively headbutt those who attack you in melee.
You have a pair of horns on your head.


Message History

The adder hisses angrily.
You hear a shout! x3
Your plate armour prevents you from hitting Blork the orc.
Blork the orc is heavily wounded.
You block the orc wizard's attack.
The howler monkey hits you but does no damage.
Blork the orc hits you but does no damage.
The orc warrior barely misses you.
You riposte.
You slash the orc warrior! You burn the orc warrior.
The orc warrior is severely wounded.
The orc priest looks braver for a moment.
The orc wizard hits you but does no damage.
You block the howler monkey's attack.
You slash Blork the orc! You burn Blork the orc.
You kill Blork the orc!
Okawaru accepts your kill. You block the orc wizard's attack.
The orc priest hits you but does no damage.
The howler monkey closely misses you.
The orc warrior hits you with a +0 battleaxe!!
You die...

.......(. .......
#!#.$.#.#
.......#####.#...#.#
#..................#
#_)S....###..#...#.#
#.%.....###..#..†#.#
........#..........#
......h)#.#..#####.#
.8.8.8o@o...$......#
......o##.#.......##
####### #.#.#..##.#
#.#.#..##.####
#............#
#....####..#.#
#.#...###..#.###
.........[.#...)
..>#..##)#####


You could see an orc warrior, a howler monkey, an orc priest, an orc wizard and
an adder.

Vanquished Creatures
  A water moccasin (D:5)
  An orc warrior (D:6)
  A phantom (D:4)
  An ogre (D:4)
  A centaur (D:5)
  Blork the orc (D:6)
  A wyvern zombie (Ossuary)
  A water moccasin zombie (Ossuary)
  A scorpion (D:4)
  A wyvern skeleton (D:5)
  A bullfrog zombie (Ossuary)
  3 centaur zombies (Ossuary)
  A hound (D:5)
  2 bullfrog skeletons (D:5)
  A jelly (D:5)
  5 orc priests
  Natasha (thrice) (D:4)
  2 worker ants (D:5)
  5 orc wizards
  3 killer bee zombies (Ossuary)
  3 hound zombies (Ossuary)
  A hound skeleton (D:4)
  14 mummies (Ossuary)
  3 worker ant zombies
  A howler monkey zombie (Ossuary)
  7 adders
  A shadow imp (D:5)
  4 oozes
  2 adder zombies (Ossuary)
  3 worms (D:2)
  3 dart slugs
  6 leopard geckos
  24 orcs
  6 giant cockroaches
  6 goblins
  7 hobgoblins
  11 jackals
  2 quokkas
  A ball python (D:5)
  17 bats
  8 frilled lizards
  A giant cockroach zombie (Ossuary)
  A jackal zombie (Ossuary)
  9 kobolds
  A quokka skeleton (D:6)
  4 quokka zombies
  11 rats
  A withered plant (Ossuary)
194 creatures vanquished.

Vanquished Creatures (others)
  2 withered plants (Ossuary)
2 creatures vanquished.

Grand Total: 196 creatures vanquished

Notes
Turn   | Place    | Note
-------+----------+-------------------------------------------
     0 | D:1      | Peloso the Minotaur Fighter began the quest for the Orb.
     0 | D:1      | Reached XP level 1. HP: 19/19 MP: 0/0
   189 | D:1      | Reached XP level 2. HP: 25/27 MP: 1/1
   411 | D:1      | Reached XP level 3. HP: 33/33 MP: 2/2
   420 | D:1      | Reached skill level 3 in Long Blades
  1142 | D:2      | Reached XP level 4. HP: 27/40 MP: 3/3
  1394 | D:2      | Reached skill level 1 in Dodging
  1808 | D:3      | Reached skill level 4 in Long Blades
  1986 | D:3      | Reached XP level 5. HP: 44/46 MP: 4/4
  1991 | D:3      | Found a basalt altar of Yredelemnul.
  2593 | D:4      | Noticed Natasha
  2602 | D:4      | Killed Natasha
  2647 | D:4      | Noticed a phantom
  2664 | D:4      | Killed a phantom
  2664 | D:4      | Reached skill level 5 in Long Blades
  2664 | D:4      | Reached XP level 6. HP: 50/53 MP: 5/5
  2709 | D:4      | Reached skill level 5 in Shields
  2721 | D:4      | Found a sand-covered staircase.
  2756 | Ossuary  | Entered an ossuary
  2785 | Ossuary  | Reached skill level 6 in Long Blades
  2801 | Ossuary  | Reached skill level 5 in Fighting
  2802 | Ossuary  | Reached XP level 7. HP: 34/61 MP: 6/6
  3050 | Ossuary  | Reached skill level 7 in Long Blades
  3071 | Ossuary  | Reached skill level 5 in Armour
  3517 | Ossuary  | Reached XP level 8. HP: 60/70 MP: 7/7
  3743 | D:4      | Noticed Natasha
  3749 | D:4      | Reached skill level 8 in Long Blades
  3753 | D:4      | Killed Natasha
  3878 | D:4      | Found a staircase to the Ecumenical Temple.
  3894 | Temple   | Entered the Ecumenical Temple
  3915 | Temple   | Became a worshipper of Warmaster Okawaru
  4053 | D:4      | Noticed Natasha
  4061 | D:4      | Killed Natasha
  4157 | D:5      | Entered Level 5 of the Dungeon
  4183 | D:5      | Found a sparkling altar of Nemelex Xobeh.
  4216 | D:5      | Found an ornate altar of the Wu Jian Council.
  4308 | D:5      | Found a shimmering altar of Xom.
  4493 | D:5      | Reached * piety under Okawaru
  4493 | D:5      | Reached skill level 9 in Long Blades
  5087 | D:6      | Found a hide-covered altar of Uskayaw.
  5088 | D:6      | Noticed Blork the orc
  5091 | D:6      | Reached XP level 9. HP: 58/78 MP: 8/8
  5101 | D:6      | Killed Blork the orc
  5101 | D:6      | Mangled by an orc warrior

Skill      XL: |  1  2  3  4  5  6  7  8 |
---------------+-------------------------+-----
Shields        | 4 5 6 7 |  7.7
Fighting       | 4 5 6 |  6.7
Long Blades    | 3 4 5 6 7 9 |  9.4
Armour         | 4 5 6 |  6.7
Dodging        | 1 |  1.8
Stealth        | |  0.4

Action                   |  1- 3 |  4- 6 |  7- 9 || total
-------------------------+-------+-------+-------++-------
Melee: Long sword        |    80 |   143 |       ||   223
       Headbutt          |    11 |    34 |    73 ||   118
       Falchion          |       |    53 |   303 ||   356
  Use: Scroll            |       |     7 |     5 ||    12
       Potion            |       |       |     1 ||     1
  Eat: Chunk             |       |     5 |     6 ||    11
       Ration            |       |       |     1 ||     1
Armor: Scale mail        |    59 |    33 |       ||    92
       Plate armour      |       |   102 |   142 ||   244
Dodge: Dodged            |    42 |    47 |    41 ||   130
Block: Shield            |    54 |   122 |   163 ||   339
       Rpst.: Long sword |     8 |    12 |       ||    20
       Falchion          |       |       |    12 ||    12
